 Dungeon Crawl Stone Soup version 0.31-a0-165-g3f4f80340b (webtiles) character file.

Game seed: 12713177419022132876

931 qw the Skirmisher (level 8, -3/73 HPs)
             Began as a Naga Hunter on June 13, 2023.
             Slain by Pikel
             ... wielding a +2 whip of electrocution
              (9 damage)
             ... on level 5 of the Dungeon.
             The game lasted 00:01:17 (3549 turns).

qw the Skirmisher (Naga Hunter)                     Turns: 3549, Time: 00:01:18

Health: -3/73      AC:  4    Str: 12 (14) XL:     8   Next: 11%
Magic:  0/8        EV:  9    Int: 10      God:
Gold:   222        SH:  0    Dex: 14 (16) Spells: 7/7 levels left

rFire   + . .        Y - +1 arbalest
rCold   . . .        (shield currently unavailable)
rNeg    . . .        c - +0 leather armour
rPois   +            (no helmet)
rElec   .            (no cloak)
rCorr   .            (no gloves)
SInv    +            (no barding)
Will    +....        m - amulet of guardian spirit
Stlth   ++           i - ring of protection from fire
HPRegen 0.32/turn    (no ring)
MPRegen 0.11/turn

%: guardian spirit
@: lethally poisoned (-3 -> -4), about to teleport, short of breath, very slow
A: AC +2, large, see invisible, deformed body, poison resistance, slowness 2,
spit poison 1, naga tail 1, screaming 1, noise suppression
a: Spit Poison


You were on level 5 of the Dungeon.
You visited 1 branch of the dungeon, and saw 5 of its levels.

You collected 354 gold pieces.
You spent 132 gold pieces at shops.


Innate Abilities, Weirdness & Mutations

Your serpentine skin is tough. (AC +2)
You have supernaturally acute eyesight. (SInv)
Armour fits poorly on your strangely shaped body.
Your system is resistant to poisons. (rPois)
You cover ground very slowly.
You can spit poison.
You have a snake-like lower body.
You occasionally shout uncontrollably at your foes.
You passively dampen the noise of your surroundings.


   Skills:
 - Level 4.9 Fighting
 - Level 8.0 Ranged Weapons
 + Level 1.5 Dodging
 - Level 1.5 Stealth


You had 7 spell levels left.
You didn't know any spells.
Your spell library was empty.

Inventory:

Hand Weapons
 Y - a +1 arbalest (weapon)
Armour
 c - a +0 leather armour (worn)
Jewellery
 i - a ring of protection from fire (left hand)
 m - an amulet of guardian spirit (around neck)
Scrolls
 a - a scroll of identify
 d - a scroll of enchant armour
 j - 2 scrolls of teleportation
Potions
 b - a potion of haste
 f - 3 potions of curing
 g - a potion of enlightenment {unknown}
 h - a potion of might {unknown}
 k - a potion of mutation
 l - a potion of ambrosia {unknown}
 p - 2 potions of cancellation

Dungeon Overview and Level Annotations

Branches:
Dungeon (5/15)
 Temple: D:4-7

Altars:
Cheibriados
Elyvilon
Fedhas
Hepliaklqana
Trog
Vehumet
Wu Jian
Xom
The Shining One

Shops:
D:3 ((!

Annotations:
D:5 Pikel


Message History

The water moccasin bites you.
You are poisoned.
The water moccasin poisons you! The lemure hits you.
The water moccasin bites you. The lemure closely misses you.
3544 ||| INVOKING Spit Poison.
Aiming: Spit Poison (1% risk of failure)
Press: ? - help, Shift-Dir - straight line, f/p - lemure The splash of poison hits the lemure.
The lemure is almost dead.
You feel very sick. The water moccasin barely misses you.
The water moccasin closely misses you. The lemure barely misses you.
You shoot a bolt. The bolt hits the lemure!
You kill the lemure!
That felt strangely unrewarding.
You feel very sick. The water moccasin bites you. The water moccasin bites you!
You shoot a bolt. The bolt closely misses Pikel.
You have got your breath back.
You feel sick. The water moccasin bites you! Pikel barely misses you.
The water moccasin bites you.
Pikel hits you with a +2 whip of electrocution!
3547 ||| INVOKING Spit Poison.
Aiming: Spit Poison (1% risk of failure)
Press: ? - help, Shift-Dir - straight line, f/p - Pikel The splash of poison hits Pikel!
Pikel is moderately wounded.
You feel sick. The water moccasin closely misses you.
Pikel hits you with a +2 whip of electrocution.
You shoot a bolt. The bolt hits Pikel.
Pikel is moderately wounded.
You feel sick. The water moccasin bites you. x2
Pikel hits you with a +2 whip of electrocution!
3549 ||| READING 3 scrolls of teleportation.
As you read the scroll of teleportation, it crumbles to dust.
You feel strangely unstable.
You feel sick.
The water moccasin bites you but does no damage.
Pikel hits you with a +2 whip of electrocution!
You die...

........#####.>
#.#.#....## ##. .
#.#.#.##..####. ..
#......##...... ...
####.##......#### ....
........####.####
....o######...%.........
...oo5S#####.#.####.....
#K@..##.#.# ....).
####.##...# ......
#.....)# ...... #####..#
...... #...........
#.#.##....#.
#.#..#...#>. ..##.# .##
..


You could see Pikel, a water moccasin, a lemure and 3 orcs.

Vanquished Creatures
  Grinder (D:3)
  A wyvern (D:4)
  An ogre (D:4)
  2 lemures (D:5)
  A scorpion (D:4)
  4 hounds
  3 orc priests
  A sleepcap (D:4)
  Terence (D:3)
  2 orc wizards
  5 adders
  An ufetubus (D:4)
  A worm (D:4)
  3 dart slugs
  8 orcs
  5 endoplasms
  3 giant cockroaches
  7 goblins
  5 hobgoblins
  2 jackals (D:4)
  10 kobolds
  3 quokkas (D:1)
  3 ball pythons
  4 bats (D:1)
  5 frilled lizards
  5 rats
87 creatures vanquished.

Notes
Turn   | Place    | Note
-------+----------+-------------------------------------------
     0 | D:1      | qw the Naga Hunter began the quest for the Orb.
     0 | D:1      | Reached XP level 1. HP: 19/19 MP: 1/1
     0 | D:1      | 0 ||| qw: Version: 0.2-a-29-gc1b59c4
     0 | D:1      | 0 ||| qw: Game counter: 4745
     0 | D:1      | 0 ||| qw: Always use a shield: true
     0 | D:1      | 0 ||| qw: God list: Okawaru
     0 | D:1      | 0 ||| qw: Allow faded altars: false
     0 | D:1      | 0 ||| qw: Do Orc after D:15 true
     0 | D:1      | 0 ||| qw: Do second Lair branch before Depths: true
     0 | D:1      | 0 ||| qw: Lair rune preference: random
     0 | D:1      | 0 ||| qw: Plans: Normal
     0 | D:1      | 0 ||| PLANNING D:1-11
    17 | D:1      | 17 ||| INVOKING Spit Poison.
    53 | D:1      | 53 ||| INVOKING Spit Poison.
    74 | D:1      | 74 ||| INVOKING Spit Poison.
   104 | D:1      | 104 ||| INVOKING Spit Poison.
   108 | D:1      | Reached skill level 4 in Ranged Weapons
   108 | D:1      | Reached XP level 2. HP: 25/26 MP: 2/2
   114 | D:1      | 114 ||| INVOKING Spit Poison.
   139 | D:1      | 139 ||| INVOKING Spit Poison.
   224 | D:1      | Found a faded altar of an unknown god.
   258 | D:1      | 258 ||| INVOKING Spit Poison.
   289 | D:1      | 289 ||| INVOKING Spit Poison.
   304 | D:1      | 304 ||| INVOKING Spit Poison.
   326 | D:1      | 326 ||| INVOKING Spit Poison.
   349 | D:1      | 349 ||| INVOKING Spit Poison.
   360 | D:1      | 360 ||| INVOKING Spit Poison.
   364 | D:1      | 364 ||| READING scroll labelled HETZASTREKET.
   365 | D:1      | 365 ||| READING scroll labelled SOSUIM NAMAGO.
   366 | D:1      | 366 ||| DROPPING scroll of butterflies.
   370 | D:1      | 370 ||| INVOKING Spit Poison.
   376 | D:1      | 376 ||| INVOKING Spit Poison.
   377 | D:1      | Reached XP level 3. HP: 32/32 MP: 3/3
   535 | D:1      | 535 ||| INVOKING Spit Poison.
   592 | D:1      | 592 ||| INVOKING Spit Poison.
   656 | D:1      | 656 ||| READING 2 scrolls labelled RERITO LULUREONA.
   657 | D:1      | 657 ||| READING 2 scrolls labelled GISONEU QOGYLI.
   658 | D:1      | 658 ||| READING 2 scrolls labelled CAHOCRIPHI.
   659 | D:1      | 659 ||| DROPPING scroll of immolation.
   660 | D:1      | 660 ||| DROPPING scroll of vulnerability.
   690 | D:2      | 690 ||| INVOKING Spit Poison.
   781 | D:2      | 781 ||| READING scroll labelled UFUULI ONER.
   784 | D:2      | 784 ||| INVOKING Spit Poison.
   809 | D:2      | 809 ||| INVOKING Spit Poison.
  1004 | D:2      | You fall into a shaft and drop 2 floors!
  1011 | D:4      | 1011 ||| INVOKING Spit Poison.
  1022 | D:4      | Noticed an ogre
  1023 | D:4      | 1023 ||| SWAPPING to +0 arbalest.
  1024 | D:4      | 1024 ||| INVOKING Spit Poison.
  1026 | D:4      | Killed an ogre
  1027 | D:4      | Reached skill level 5 in Ranged Weapons
  1027 | D:4      | Reached XP level 4. HP: 39/39 MP: 4/4
  1027 | D:4      | Reached XP level 5. HP: 45/45 MP: 5/5
  1029 | D:4      | 1029 ||| INVOKING Spit Poison.
  1030 | D:4      | 1030 ||| DROPPING +0 shortbow.
  1034 | D:4      | 1034 ||| INVOKING Spit Poison.
  1061 | D:4      | 1061 ||| INVOKING Spit Poison.
  1065 | D:4      | 1065 ||| INVOKING Spit Poison.
  1068 | D:4      | 1068 ||| INVOKING Spit Poison.
  1071 | D:4      | 1071 ||| INVOKING Spit Poison.
  1074 | D:4      | Reached skill level 3 in Fighting
  1099 | D:4      | Noticed a wyvern
  1100 | D:4      | 1100 ||| INVOKING Spit Poison.
  1103 | D:4      | HP: 8/49 [wyvern (19)]
  1104 | D:4      | Killed a wyvern
  1105 | D:4      | Reached skill level 6 in Ranged Weapons
  1105 | D:4      | Reached XP level 6. HP: 10/56 MP: 6/6
  1105 | D:4      | 1105 ||| INVOKING Spit Poison.
  1270 | D:4      | 1270 ||| UPGRADING to ring of protection from fire.
  1271 | D:4      | 1271 ||| READING 2 scrolls labelled IFIEXU LAUFEN.
  1277 | D:3      | 1277 ||| INVOKING Spit Poison.
  1290 | D:3      | 1290 ||| FLEEEEING.
  1291 | D:3      | 1291 ||| STAIRDANCE
  1335 | D:2      | 1335 ||| INVOKING Spit Poison.
  1345 | D:2      | 1345 ||| INVOKING Spit Poison.
  1362 | D:2      | 1362 ||| INVOKING Spit Poison.
  1402 | D:2      | 1402 ||| INVOKING Spit Poison.
  1657 | D:2      | 1657 ||| INVOKING Spit Poison.
  1744 | D:2      | 1744 ||| INVOKING Spit Poison.
  1845 | D:2      | 1845 ||| READING scroll labelled MIT WELU SAPH.
  1846 | D:2      | 1846 ||| READING scroll labelled EHIACOM ZOSHE.
  1893 | D:3      | 1893 ||| INVOKING Spit Poison.
  1897 | D:3      | Found Neanag's Weapon Shoppe.
  1924 | D:3      | Noticed Grinder
  1927 | D:3      | Killed Grinder
  1928 | D:3      | Reached XP level 7. HP: 66/66 MP: 7/7
  1940 | D:3      | 1940 ||| INVOKING Spit Poison.
  1943 | D:3      | Found a snail-covered altar of Cheibriados.
  1946 | D:3      | Found a glowing golden altar of the Shining One.
  1966 | D:3      | 1966 ||| INVOKING Spit Poison.
  1974 | D:3      | 1974 ||| INVOKING Spit Poison.
  1978 | D:3      | 1978 ||| INVOKING Spit Poison.
  1983 | D:3      | 1983 ||| INVOKING Spit Poison.
  2022 | D:3      | Found an ornate altar of the Wu Jian Council.
  2040 | D:3      | Found Ijothrug's Distillery.
  2054 | D:3      | 2054 ||| BUYING potion of cancellation (96 gold).
  2054 | D:3      | Bought a potion of cancellation for 96 gold pieces
  2054 | D:3      | 2054 ||| BUYING potion of curing (36 gold).
  2054 | D:3      | Bought a potion of curing for 36 gold pieces
  2054 | D:3      | 2054 ||| SHOPLISTING potion of haste (120 gold, have 83).
  2121 | D:3      | Found Xirour's Antique Weapon Shop.
  2145 | D:3      | 2145 ||| INVOKING Spit Poison.
  2173 | D:3      | Found a stormy altar of Qazlal.
  2175 | D:3      | Found a white marble altar of Elyvilon.
  2175 | D:3      | Found a blossoming altar of Fedhas.
  2177 | D:3      | Found a hazy altar of Hepliaklqana.
  2177 | D:3      | Found a radiant altar of Vehumet.
  2177 | D:3      | Found a shimmering altar of Xom.
  2309 | D:3      | 2309 ||| INVOKING Spit Poison.
  2344 | D:3      | Noticed Terence
  2345 | D:3      | 2345 ||| INVOKING Spit Poison.
  2348 | D:3      | 2348 ||| INVOKING Spit Poison.
  2351 | D:3      | 2351 ||| INVOKING Spit Poison.
  2353 | D:3      | Killed Terence
  2508 | D:3      | 2508 ||| INVOKING Spit Poison.
  2528 | D:3      | Found Izit's Armour Emporium.
  2638 | D:3      | 2638 ||| READING scroll labelled JEVAIR KOUV.
  2639 | D:3      | 2639 ||| READING scroll labelled COYXAK JALAATUTH.
  2640 | D:3      | 2640 ||| DRINKING 3 glowing emerald potions.
  2641 | D:3      | 2641 ||| READING 3 scrolls of identify.
  2641 | D:3      | 2641 ||| IDENTIFYING white potion
  2642 | D:3      | 2642 ||| READING 2 scrolls of identify.
  2642 | D:3      | 2642 ||| IDENTIFYING silvery potion
  2643 | D:3      | 2643 ||| DROPPING potion of magic.
  2644 | D:3      | 2644 ||| DROPPING 2 potions of degeneration.
  2690 | D:4      | 2690 ||| INVOKING Spit Poison.
  2695 | D:4      | Reached skill level 7 in Ranged Weapons
  2695 | D:4      | 2695 ||| INVOKING Spit Poison.
  2854 | D:4      | 2854 ||| INVOKING Spit Poison.
  2873 | D:4      | 2873 ||| INVOKING Spit Poison.
  2876 | D:4      | 2876 ||| INVOKING Spit Poison.
  2877 | D:4      | 2877 ||| INVOKING Spit Poison.
  2900 | D:4      | 2900 ||| INVOKING Spit Poison.
  2904 | D:4      | 2904 ||| INVOKING Spit Poison.
  3036 | D:4      | 3036 ||| INVOKING Spit Poison.
  3042 | D:4      | 3042 ||| INVOKING Spit Poison.
  3046 | D:4      | 3046 ||| INVOKING Spit Poison.
  3090 | D:4      | Found a bloodstained altar of Trog.
  3092 | D:4      | 3092 ||| INVOKING Spit Poison.
  3260 | D:4      | 3260 ||| UPGRADING to amulet of guardian spirit.
  3265 | D:4      | 3265 ||| READING scroll labelled YFIPTOPSAHU.
  3266 | D:4      | 3266 ||| DRINKING 2 purple potions.
  3266 | D:4      | Gained mutation: You occasionally shout uncontrollably at
                  | your foes. [potion of mutation]
  3266 | D:4      | Gained mutation: You passively dampen the noise of your
                  | surroundings. [potion of mutation]
  3267 | D:4      | 3267 ||| READING 2 scrolls of identify.
  3267 | D:4      | 3267 ||| IDENTIFYING amethyst potion
  3268 | D:4      | 3268 ||| DROPPING potion of lignification.
  3294 | D:5      | Entered Level 5 of the Dungeon
  3296 | D:5      | 3296 ||| INVOKING Spit Poison.
  3301 | D:5      | 3301 ||| STAIRDANCE
  3303 | D:4      | 3303 ||| INVOKING Spit Poison.
  3306 | D:4      | 3306 ||| INVOKING Spit Poison.
  3307 | D:4      | Reached XP level 8. HP: 55/73 MP: 4/8
  3382 | D:5      | 3382 ||| INVOKING Spit Poison.
  3388 | D:5      | 3388 ||| INVOKING Spit Poison.
  3391 | D:5      | 3391 ||| INVOKING Spit Poison.
  3395 | D:5      | 3395 ||| INVOKING Spit Poison.
  3509 | D:5      | 3509 ||| INVOKING Spit Poison.
  3512 | D:5      | 3512 ||| INVOKING Spit Poison.
  3514 | D:5      | Reached skill level 8 in Ranged Weapons
  3534 | D:5      | Noticed Pikel
  3534 | D:5      | 3534 ||| INVOKING Spit Poison.
  3537 | D:5      | 3537 ||| INVOKING Spit Poison.
  3540 | D:5      | 3540 ||| INVOKING Spit Poison.
  3544 | D:5      | 3544 ||| INVOKING Spit Poison.
  3547 | D:5      | 3547 ||| INVOKING Spit Poison.
  3548 | D:5      | HP: 16/73 [water moccasin (4)]
  3548 | D:5      | HP: 7/73 [Pikel/+2 whip of electrocution (8)]
  3549 | D:5      | 3549 ||| READING 3 scrolls of teleportation.
  3549 | D:5      | Slain by Pikel

Levels and vault maps discovered:
D:1:      dpeg_arrival_simpleton_a, layout_basic,
          shapermc_ecumenical_altar_ellora, minmay_misc_feat_secret_circle,
          minmay_pentomino_s4
D:2:      layout_basic, serial_park_tiny_pond, dreamdust_princess_corridor,
          grunt_ministairs_14, nicolae_eternal_life, supply_closet_lemuel
D:3:      layout_loops_cross, mainiacjoe_overflow_small_starburst,
          jmf_multi_god_temple, doesnt_xom_only_xom, serial_shops,
          nicolae_shop_bloodbath_and_beyond, nicolae_shop_stone, shop,
          shop_fountains, kennysheep_boxes, uniq_grinder, uniq_terence
D:4:      layout_cave_pools, mainiacjoe_overflow_alcove_4
D:5:      layout_rooms, nicolae_hepliaklqana_hazy_memory, uniq_edmund,
          uniq_pikel

Skill      XL: |  1  2  3  4  5  6  7  8 |
---------------+-------------------------+-----
Ranged Weapons | 4 5 6 7 8 |  8.0
Fighting       | 3 4 |  4.9
Dodging        | |  1.5
Stealth        | |  1.5

Action                     |  1- 3 |  4- 6 |  7- 9 || total
---------------------------+-------+-------+-------++-------
   Fire: Shortbow          |    45 |       |       ||    45
         Arbalest          |     2 |    40 |    82 ||   124
Ability: Spit Poison       |    21 |    16 |    36 ||    73
    Use: Scroll            |     6 |     3 |     7 ||    16
         Potion            |       |       |     2 ||     2
 Armour: Leather armour    |     1 |     5 |    20 ||    26
  Dodge: Dodged            |     6 |     8 |    42 ||    56

Table legend:
 A = Non-vault XP
 B = Vault XP
 C = Vault XP percentage of total XP
 D = Non-vault monster count
 E = Vault monster count
 F = Vault count percentage of total count
                 A         B        C        D         E       F
            +---------+---------+-------+---------+---------+-------
      Total |    1016 |     314 |  23.6 |      76 |       9 |  10.6
            +---------+---------+-------+---------+---------+-------
        D:1 |      37 |       5 |  11.9 |      22 |       3 |  12.0
        D:2 |      30 |       2 |   6.2 |      11 |       2 |  15.4
        D:3 |     100 |     307 |  75.4 |      13 |       4 |  23.5
        D:4 |     719 |       0 |   0.0 |      23 |       0 |   0.0
        D:5 |     130 |       0 |   0.0 |       7 |       0 |   0.0
            +---------+---------+-------+---------+---------+-------
